Map: [ESL] Alcyone

Players

NightPhoenix

  • Race: Protoss Protoss
  • Spawn Location: 7:00

uThermal - Winner!

  • Race: Protoss Protoss
  • Spawn Location: 1:00

Event: ESL SC2 Masters 2024 Spring (Regional)

VOD

Have the link to the VOD?

Description

Time

  • Played on: April 19, 2024, 10:12 a.m.
  • Length: 11:58

All games in this series

Show
View Real Time Build Order
Export as new Build Order

NightPhoenix Protoss 

Build Orders: Blink Stalkers 

Get SALT Encoding   

  12  0:00  Probe  
  13  0:12  Probe  
  14  0:17  Pylon  
  14  0:24  Probe  
  15  0:36  Probe (Chrono Boost)  
  15  0:37  Gateway  
  16  0:47  Assimilator  
  16  0:48  Probe (Chrono Boost)  
  17  0:52  Probe (Chrono Boost)  
  17  0:56  Assimilator  
  18  1:03  Probe (Chrono Boost)  
  19  1:09  Gateway  
  19  1:15  Probe (Chrono Boost)  
  20  1:21  Probe (Chrono Boost)  
  21  1:27  Cybernetics Core  
  21  1:33  Probe  
  21  1:37  Pylon  
  22  1:45  Probe  
  23  1:57  Probe  
  24  2:02  Stalker  
  24  2:03  Warp Gate, Stalker  
  28  2:09  Probe  
  29  2:16  Pylon  
  29  2:20  Pylon  
  29  2:32  Pylon  
  29  2:36  Sentry x2  
  32  2:53  Nexus  
  32  2:54  Shield Battery  
  32  2:58  Probe  
  33  3:10  Probe  
  33  3:11  Twilight Council  
  32  3:19  Stalker  
  34  3:25  Pylon  
  34  3:26  Probe  
  35  3:38  Probe  
  36  3:46  Blink (Chrono Boost)  
  36  3:52  Stalker  
  36  3:53  Probe  
  39  3:57  Stalker  
  41  4:06  Phoenix, Probe x2 (Chrono Boost)  
  43  4:15  Probe x2 (Chrono Boost)  
  43  4:16  Stalker  
  47  4:20  Probe x2 (Chrono Boost)  
  49  4:27  Gateway  
  49  4:32  Probe x2  
  49  4:33  Sentry  
  53  4:38  Pylon  
  53  4:44  Probe x2  
  55  4:46  Stalker  
  57  4:55  Phoenix  
  57  4:56  Probe x2  
  57  4:59  Robotics Facility  
  59  5:05  Gateway  
  59  5:08  Probe x2  
  59  5:09  Assimilator  
  59  5:11  Stalker  
  63  5:15  Stalker  
  65  5:30  Nexus  
  65  5:34  Pylon  
  65  5:41  Sentry  
  65  5:42  Stalker  
  63  5:51  Immortal (Chrono Boost)  
  63  5:52  Stalker  
  63  5:55  Assimilator  
  67  6:00  Stalker  
  67  6:01  Probe x2  
  71  6:05  Stalker  
  71  6:09  Stalker  
  75  6:17  Pylon  
  65  6:26  Stalker x2  
  65  6:32  Stalker  
  63  6:33  Probe x2  
  63  6:35  Stalker  
  56  6:43  Stalker  
  56  6:45  Probe x2  
  49  6:52  Probe (Chrono Boost)  
  48  6:54  Stalker  
  48  6:57  Probe (Chrono Boost)  
  49  7:03  Probe (Chrono Boost)  
  49  7:04  Probe (Chrono Boost)  
  51  7:08  Stalker  
  51  7:10  Stalker  
  51  7:12  Probe (Chrono Boost)  
  51  7:15  Pylon, Probe (Chrono Boost)  
  56  7:17  Probe (Chrono Boost)  
  56  7:18  Probe  
  59  7:24  Probe  
  59  7:28  Probe  
  61  7:30  Probe  
  62  7:37  Observer, Adept x2  
  62  7:39  Probe  
  62  7:40  Probe  
  62  7:43  Probe  
  70  7:44  Forge  
  70  7:51  Probe (Chrono Boost)  
  70  7:53  Probe (Chrono Boost)  
  70  7:56  Observer  
  70  7:57  Stalker x2  
  76  7:58  Stalker x2  
  76  8:01  Probe (Chrono Boost)  
  76  8:03  Probe (Chrono Boost)  
  76  8:05  Probe (Chrono Boost)  
  84  8:10  Probe (Chrono Boost)  
  84  8:11  Probe (Chrono Boost), Gateway  
  86  8:13  Protoss Ground Weapons Level 1 (Chrono Boost)  
  86  8:14  Probe (Chrono Boost)  
  86  8:16  Probe  
  86  8:18  Pylon  
  88  8:21  Probe  
  88  8:24  Probe  
  88  8:31  Stalker x2  
  88  8:32  Stalker x2  
  88  8:33  Probe  
  95  8:38  Probe x2  
  87  8:46  Probe  
  82  8:48  Immortal (Chrono Boost)  
  82  8:50  Probe  
  82  8:51  Probe  
  88  8:56  Stalker x3  
  88  9:00  Charge (Chrono Boost)  
  88  9:01  Assimilator  
  94  9:04  Nexus  
  94  9:09  Pylon  
  94  9:12  Stalker  
  94  9:14  Probe x2  
  94  9:15  Probe  
  97  9:26  Stalker x3  
  97  9:30  Stalker  
  103  9:33  Immortal (Chrono Boost)  
  107  9:38  Shield Battery  
  107  9:43  Observer, Stalker  
  109  9:46  Observer  
  109  9:48  Probe x2  
  109  9:52  Stalker x2  
  111  9:56  Probe  
  111  9:58  Stalker  
  114  10:00  Probe x2  
  115  10:10  Warp Prism  
  115  10:12  Observer  
  117  10:14  Gateway x2  
  117  10:16  Probe  
  117  10:17  Gateway  
  118  10:26  Gateway  
  118  10:27  Gateway  
  118  10:30  Adept  
  118  10:31  Adept  
  122  10:40  Stalker x3  
  128  10:46  Robotics Bay  
  128  10:49  Pylon  
  126  11:01  Stalker x2  
  115  11:08  Zealot x3  
  115  11:09  Zealot  
  115  11:10  Zealot  
  100  11:19  Zealot  
  92  11:28  Stalker x5  
  92  11:29  Stalker x2  
  104  11:33  Zealot x2  
  102  11:42  Zealot  
  102  11:43  Probe x3  
  102  11:44  Probe  
  102  11:46  Stalker  
  108  11:50  Pylon  
Show
View Real Time Build Order
Export as new Build Order

uThermal Protoss - Winner!

Build Orders:  

Get SALT Encoding   

  12  0:00  Probe  
  13  0:12  Probe  
  14  0:17  Pylon  
  14  0:24  Probe (Chrono Boost)  
  15  0:36  Probe (Chrono Boost)  
  15  0:37  Gateway  
  16  0:44  Probe (Chrono Boost)  
  16  0:45  Assimilator  
  17  0:51  Probe  
  17  0:55  Assimilator  
  18  1:03  Probe  
  19  1:15  Probe  
  20  1:25  Cybernetics Core  
  20  1:27  Probe  
  21  1:34  Pylon  
  21  1:39  Probe  
  22  1:51  Probe  
  22  1:52  Zealot (Chrono Boost)  
  25  2:01  Warp Gate  
  25  2:03  Probe  
  25  2:05  Pylon  
  26  2:11  Sentry (Chrono Boost)  
  28  2:24  Probe  
  28  2:25  Pylon  
  29  2:31  Sentry (Chrono Boost)  
  31  2:39  Nexus  
  31  2:43  Shield Battery  
  31  2:51  Sentry (Chrono Boost)  
  31  2:57  Robotics Facility  
  33  2:59  Probe  
  34  3:11  Sentry, Probe  
  34  3:15  Shield Battery  
  34  3:24  Gateway  
  34  3:25  Probe  
  35  3:34  Sentry  
  35  3:37  Probe  
  38  3:48  Immortal (Chrono Boost)  
  38  3:53  Probe  
  38  3:54  Probe  
  44  4:02  Shield Battery  
  44  4:09  Probe x2  
  46  4:12  Phoenix  
  46  4:17  Immortal (Chrono Boost)  
  46  4:21  Probe  
  46  4:22  Probe  
  50  4:24  Pylon  
  50  4:33  Stalker  
  50  4:34  Stalker  
  54  4:42  Probe  
  56  4:47  Pylon  
  56  4:48  Immortal (Chrono Boost)  
  59  4:53  Probe  
  59  4:58  Stalker  
  62  5:05  Stalker  
  62  5:06  Probe  
  66  5:07  Probe  
  66  5:13  Pylon  
  66  5:16  Warp Prism (Chrono Boost)  
  68  5:25  Probe x2  
  70  5:40  Nexus  
  70  5:42  Observer  
  70  5:43  Pylon  
  67  5:55  Twilight Council  
  65  5:57  Probe  
  65  5:58  Probe, Forge  
  67  6:09  Stalker x2, Probe  
  72  6:11  Assimilator  
  72  6:14  Probe  
  73  6:19  Pylon  
  73  6:21  Probe  
  72  6:26  Probe  
  73  6:33  Probe  
  73  6:38  Probe  
  71  6:40  Stalker x2  
  71  6:41  Immortal (Chrono Boost)  
  71  6:45  Probe  
  70  6:53  Probe, Gateway  
  67  6:56  Gateway  
  67  6:58  Observer, Probe  
  67  7:01  Protoss Ground Weapons Level 1 (Chrono Boost)  
  64  7:05  Probe  
  64  7:06  Stalker x2  
  65  7:10  Probe  
  65  7:11  Shield Battery  
  65  7:14  Immortal (Chrono Boost)  
  66  7:17  Assimilator  
  70  7:23  Probe  
  70  7:29  Stalker  
  73  7:30  Stalker  
  73  7:31  Probe x2 (Chrono Boost)  
  73  7:35  Probe (Chrono Boost)  
  77  7:43  Blink (Chrono Boost), Probe (Chrono Boost)  
  78  7:45  Warp Prism  
  78  7:47  Probe (Chrono Boost)  
  78  7:49  Probe (Chrono Boost)  
  82  7:52  Adept  
  82  7:54  Probe, Adept  
  87  8:00  Probe  
  87  8:01  Shield Battery  
  88  8:06  Stalker x2  
  88  8:11  Probe  
  93  8:15  Stalker x2  
  93  8:19  Probe  
  93  8:29  Probe  
  93  8:32  Nexus  
  93  8:34  Pylon  
  91  8:39  Probe  
  92  8:45  Protoss Ground Weapons Level 2 (Chrono Boost), Stalker x4  
  92  8:47  Pylon, Probe  
  97  8:54  Gateway  
  97  8:55  Gateway  
  97  9:01  Probe  
  98  9:07  Gateway  
  97  9:10  Gateway  
  97  9:13  Probe x2, Gateway  
  97  9:14  Gateway  
  99  9:20  Probe  
  99  9:21  Charge (Chrono Boost)  
  94  9:31  Zealot x4  
  100  9:36  Probe  
  100  9:38  Probe  
  102  9:39  Shield Battery  
  102  9:40  Probe  
  102  9:41  Warp Prism (Chrono Boost), Photon Cannon  
  99  9:54  Stalker x4  
  99  9:55  Forge  
  105  10:00  Stalker x2  
  105  10:05  Dark Shrine  
  107  10:07  Photon Cannon  
  107  10:09  Observer (Chrono Boost)  
  107  10:11  Stalker x2  
  112  10:18  Pylon  
  112  10:19  Photon Cannon  
  112  10:30  Stalker x5  
  122  10:40  Assimilator, Probe  
  122  10:45  Assimilator  
  122  10:46  Stalker  
  123  10:56  Zealot x9  
  136  11:02  Probe  
  128  11:07  Probe  
  115  11:14  Stalker  
  115  11:18  Stalker x4  
  113  11:19  Zealot x3  
  113  11:20  Zealot x2  
  113  11:22  Probe  
  113  11:23  Probe  
  113  11:40  Stalker x6  
  113  11:42  Zealot  
  121  11:47  Stalker x2  
Tags
 
Add a new tag
Caveats
  • Supply blocks, unpowered buildings, or Contaminate may cause inaccurate times.
  • Supply counts are checked every 10 seconds.